 Dungeon Crawl Stone Soup version 0.30-a0-824-g6c64550be9 (webtiles) character file.

Game seed: 14913049451168726215

224 dialectric the Covert (level 5, 0/26 HPs)
             Began as a Spriggan Brigand on Feb 27, 2023.
             Was a Follower of Dithmenos.
             Succumbed to a scorpion's poison
             ... on level 5 of the Dungeon.
             The game lasted 00:04:15 (2719 turns).

dialectric the Covert (Spriggan Brigand)            Turns: 2719, Time: 00:04:16

Health: 0/26       AC:  3    Str:  9    XL:     5   Next: 67%
Magic:  6/6        EV: 17    Int: 12    God:    Dithmenos [*.....]
Gold:   262        SH:  5    Dex: 17    Spells: 4/4 levels left

rFire   . . .      SeeInvis +    a - +2 dagger
rCold   . . .      Faith    .    (no shield)
rNeg    . . .      Spirit   .    b - +0 robe
rPois   .          Reflect  +    (helmet restricted)
rElec   .          Harm     .    u - +0 cloak
rCorr   +          Rampage  .    (gloves unavailable)
Will    .....                    (boots unavailable)
Stlth   +++++                    f - amulet of reflection
HPRegen 0.24/turn                k - ring of resist corrosion
MPRegen 0.10/turn                (no ring)

@: lethally poisoned (0 -> -4), wreathed by umbra, invisible, very quick
A: very small, no large weapons, unfitting armour, see invisible, speed 3
a: Renounce Religion


You were on level 5 of the Dungeon.
You worshipped Dithmenos.
Dithmenos was aware of your devotion.
You visited 1 branch of the dungeon, and saw 5 of its levels.

You collected 262 gold pieces.

Inventory:

Hand Weapons
 a - a +2 dagger (weapon)
Missiles
 d - 12 poisoned darts
 e - 3 curare-tipped darts (quivered)
Armour
 b - a +0 robe (worn)
 c - a +0 cloak
 u - a +0 cloak (worn)
Jewellery
 f - an amulet of reflection (around neck)
 k - a ring of resist corrosion (left hand)
 n - an amulet of the acrobat
Wands
 t - a wand of flame (2)
Scrolls
 g - a scroll of teleportation {unknown}
 j - 2 scrolls of magic mapping
 o - a scroll of enchant weapon {unknown}
 q - 2 scrolls of identify {unknown}
 r - a scroll of vulnerability {unknown}
 s - a scroll of torment {unknown}
 w - a scroll of silence {unknown}
 x - 2 scrolls of immolation {unknown}
Potions
 h - a potion of brilliance {unknown}
 i - a potion of lignification {unknown}
 p - a potion of ambrosia {unknown}
 v - a potion of resistance {unknown}
 z - a potion of attraction {unknown}


   Skills:
 * Level 2.1 Fighting
 + Level 3.0 Short Blades
 - Level 2.0 Throwing
 - Level 2.0 Dodging
 * Level 9.4 Stealth
 + Level 0.4 Shields
 + Level 0.2 Evocations


You had 4 spell levels left.
You didn't know any spells.
Your spell library contained the following spells:

 Spells                   Type           Power      Damage    Failure   Level
 Shock                    Conj/Air       0%         1d3       32%         1
 Ignite Poison            Fire/Tmut/Pois 0%         N/A       69%         3
 Kindle Blastsparks       Fire/Tloc/Air  0%         2d10      69%         3
 Swiftness                Air            0%         N/A       69%         3
 Airstrike                Air            0%         2d(0-16)  97%         4
 Freezing Cloud           Conj/Ice/Air   0%         6-21      100%        5


Dungeon Overview and Level Annotations

Branches:
Dungeon (5/15)
 Temple: D:4-7

Altars:
Dithmenos


Innate Abilities, Weirdness & Mutations

You are very small and have problems with some larger weapons.
You are too small for most types of armour.
You have supernaturally acute eyesight. (SInv)
You cover ground extremely quickly. (Speed+++)


Message History

You feel sick.
You feel sick.
You feel sick.
You are no longer poisoned.
There is a stone staircase leading up here.
You climb upwards.
There is a stone staircase leading down here.
Unknown command.
An ufetubus is nearby!
There is a stone staircase leading down here.
You climb downwards.
There is a stone staircase leading up here.
Found 7 stones.
Aiming: Throw Flame
Press: ? - help, Shift-Dir - straight line, f - phantom
Aim: a phantom (almost destroyed, 56% to hit)
The puff of flame hits the scorpion.
The scorpion is lightly wounded.
The scorpion misses you.
Unknown command.
Aiming: Throw Flame
Press: ? - help, Shift-Dir - straight line, f/p - phantom
Aim: a phantom (severely damaged, umbra, 56% to hit)
The puff of flame hits the phantom but does no damage.
The phantom is severely damaged.
You block the phantom's attack. The scorpion stings you.
* * * LOW HITPOINT WARNING * * *
You are lethally poisoned!
The scorpion poisons you!
* * * LOW HITPOINT WARNING * * *
You feel sick.
* * * LOW HITPOINT WARNING * * *
You feel sick.
* * * LOW HITPOINT WARNING * * *
You feel sick.
* * * LOW HITPOINT WARNING * * *
You feel sick.
It was a potion of invisibility.
You fade into invisibility!
You die...

.###.#.##....#
##...........#
.#.#.#.##....##
#...##.###....##
##
.......<.......#
..
##.###.###....##
.# # #.# #.#..#
.# #.#
#.#W.###.# #.#
#....s.@.# #.#
###..##### #.#
#...# #. ..(...
#...... #.......
+........
#......


You could see a phantom (unable to see you) and a scorpion (unable to see you).

Vanquished Creatures
  A hound (D:4)
  Crazy Yiuf (D:4)
  An iguana (D:4)
  7 adders
  3 worms
  A dart slug (D:3)
  An orc (D:3)
  6 bats
  5 endoplasms
  4 giant cockroaches
  6 hobgoblins
  A jackal (D:3)
  4 quokkas
  7 ball pythons
  7 frilled lizards
  5 goblins
  5 kobolds
  5 rats
70 creatures vanquished.

Notes
Turn   | Place    | Note
-------+----------+-------------------------------------------
     0 | D:1      | dialectric the Spriggan Brigand began the quest for the
                  | Orb.
     0 | D:1      | Reached XP level 1. HP: 10/10 MP: 2/2
    24 | D:1      | Reached skill level 6 in Stealth
   134 | D:1      | Reached XP level 2. HP: 14/14 MP: 3/3
   228 | D:1      | Reached skill level 7 in Stealth
   603 | D:2      | Found a shadowy altar of Dithmenos.
   617 | D:2      | Became a worshipper of Dithmenos the Shadowed
   657 | D:2      | Reached XP level 3. HP: 16/18 MP: 4/4
   923 | D:2      | Reached skill level 8 in Stealth
  1111 | D:2      | Reached XP level 4. HP: 11/23 MP: 5/5
  1392 | D:3      | Reached * piety under Dithmenos
  1495 | D:3      | Found a faded altar of an unknown god.
  2335 | D:4      | Reached XP level 5. HP: 26/26 MP: 6/6
  2386 | D:4      | Found a runed translucent door.
  2386 | D:4      | Found the +6 shillelagh "Devastator" {shatter}
  2387 | D:4      | Noticed Crazy Yiuf
  2409 | D:4      | Killed Crazy Yiuf
  2410 | D:4      | Reached skill level 9 in Stealth
  2593 | D:4      | Noticed a black bear
  2632 | D:5      | Entered Level 5 of the Dungeon
  2660 | D:5      | Noticed a phantom
  2718 | D:5      | HP: 1/26 [poisoned by a scorpion]
  2719 | D:5      | Succumbed to a scorpion's poison

Illustrated notes

Levels and vault maps discovered:
D:1:      lightli_arrival_chessboard, layout_basic
D:2:      minmay_evil_eye, layout_rooms, basic_altar
D:3:      wad_river_or_something, layout_basic,
          shapermc_ecumenical_altar_pompeii, nicolae_underground_beach
D:4:      layout_rooms, fedhas_altar_3, minmay_fractal_squares_5,
          uniq_crazy_yiuf_cottage
D:5:      layout_loops_corners, lemuel_crystal_altar, lemuel_tele_altar,
          slow_altar_2, minmay_temple_entry_fiery

Skill      XL: |  1  2  3  4  5 |
---------------+----------------+-----
Stealth        | 6 7 8 9 |  9.4
Dodging        | 2 |  2.0
Fighting       | 2 |  2.1
Short Blades   | 3 |  3.0
Throwing       | |  2.0
Shields        | |  0.4
Evocations     | |  0.2

Action                     |  1- 3 |  4- 6 || total
---------------------------+-------+-------++-------
  Melee: Dagger            |   145 |   119 ||   264
         Punch             |     2 |       ||     2
  Throw: Dart              |     5 |     3 ||     8
  Evoke: Wand              |       |     6 ||     6
    Use: Potion            |     1 |     2 ||     3
         Scroll            |       |     3 ||     3
   Stab: Sleeping          |     9 |    13 ||    22
         Distracted        |       |     2 ||     2
 Armour: Robe              |    33 |     8 ||    41
  Dodge: Dodged            |   126 |    75 ||   201
  Block: Other             |    12 |    15 ||    27

Table legend: (Time is in decaauts)
 A = Elapsed time spent in this place.
 B = Non-inter-level travel time spent in this place.
 C = Inter-level travel time spent in this place.
 D = Time resting spent in this place.
 E = Time spent auto-exploring this place.
 F = Levels seen in this place.
 G = Mean time per level.
                   A        B        C        D        E       F      G
               +--------+--------+--------+--------+--------+-----+--------+
         Total |   1829 |   1798 |     31 |     29 |   1176 |   5 |  365.8 |
       Dungeon |   1829 |   1798 |     31 |     29 |   1176 |   5 |  365.8 |
               +--------+--------+--------+--------+--------+-----+--------+

Top non-repeatable levels by time:
     D:3: 671 daAuts
     D:1: 450 daAuts
     D:2: 375 daAuts
     D:4: 277 daAuts
     D:5: 56 daAuts
